 Dungeon Crawl Stone Soup version 0.20-a0-1065-g8446734 (webtiles) character file.

1884 Lochraine the Poker (level 9, -7/68 HPs)
             Began as a Merfolk Ice Elementalist on Apr 28, 2017.
             Was a Follower of Fedhas.
             Mangled by an orc warrior
             ... wielding a +0 glaive
              (26 damage)
             ... on level 7 of the Dungeon.
             The game lasted 00:21:29 (6427 turns).

Lochraine the Poker (Merfolk Ice Elementalist)      Turns: 6427, Time: 00:21:31

Health: -7/68      AC:  7    Str:  9    XL:     9   Next: 14%
Magic:  14/14      EV: 16    Int: 15    God:    Fedhas [*.....]
Gold:   415        SH:  0    Dex: 16    Spells: 8/15 levels left

rFire    + . .     SeeInvis .   q - +2 scythe (vamp)
rCold    . . .     Gourm    .   (shield currently unavailable)
rNeg     . . .     Faith    .   v - +3 leather armour
rPois    .         Spirit   .   (no helmet)
rElec    .         Reflect  .   x - scarf {rC+}
rCorr    .         Harm     .   e - +0 pair of gloves
MR       .....                  (no boots)
Stlth    ++........             (no amulet)
Regen    0.3/turn               H - ring of fire
MPRegen  0.2/turn               (no ring)

@: no status effects
A: change form in water, swift swim, stealthy swim
a: Fungal Bloom, Evolution, Renounce Religion


You were on level 7 of the Dungeon.
You worshipped Fedhas.
Fedhas was aware of your devotion.
You were not hungry.

You visited 1 branch of the dungeon, and saw 7 of its levels.
You also visited: Sewer.

You collected 415 gold pieces.

Inventory:

Hand Weapons
 o - a +2 whip of venom
 q - a +2 vampiric scythe (weapon)
 E - a +0 trident
 J - a +4 halberd
 N - a +2 trident of venom
Armour
 e - a +0 pair of gloves (worn)
 v - a +3 leather armour (worn)
 x - a scarf of cold resistance (worn)
 G - a +2 leather armour of cold resistance
 L - a +0 leather armour of fire resistance
Jewellery
 H - a ring of fire (left hand)
Wands
 d - a wand of flame (23/48)
 p - a wand of iceblast (5/15)
 y - a wand of confusion (14/48)
Scrolls
 a - a scroll of noise {unknown}
 f - a scroll of blinking {unknown}
 i - a scroll of immolation {unknown}
 j - a scroll of enchant armour {unknown}
 k - 2 scrolls of recharging
 m - 7 scrolls of identify
 n - a scroll of teleportation
 s - 3 scrolls of magic mapping
 C - 2 scrolls of enchant weapon {unknown}
 D - a scroll of fear {unknown}
 F - 2 scrolls of remove curse {unknown}
 K - a scroll of silence {unknown}
 M - a scroll of fog {unknown}
Potions
 h - 2 potions of heal wounds
 l - 4 potions of lignification
 r - 3 potions of flight
 t - 2 potions of magic {unknown}
 u - 2 potions of agility {unknown}
 w - 2 potions of brilliance {unknown}
 z - 2 potions of curing {unknown}
 A - a potion of mutation {unknown}
Books
 b - a book of Frost

   Spells                             Type                      Level
   a - Freeze                         Ice                          1
   b - Throw Frost                    Conjuration/Ice              2
   c - Ozocubu's Armour               Charms/Ice                   3
   d - Throw Icicle                   Conjuration/Ice              4
   e - Summon Ice Beast               Ice/Summoning                4
 I - a book of the Warp

   Spells                             Type                      Level
   a - Gell's Gravitas                Translocation                3
   b - Portal Projectile              Hexes/Translocation          3
   c - Force Lance                    Conjuration/Translocation    4
   d - Dispersal                      Translocation                6
   e - Controlled Blink               Translocation                8
   f - Disjunction                    Translocation                8
Comestibles
 c - 5 bread rations
 g - 3 meat rations
 B - 2 royal jellies


   Skills:
 + Level 5.1 Fighting
 * Level 7.8 Polearms
 + Level 6.8 Dodging
 - Level 2.1 Stealth
 - Level 3.5 Spellcasting
 - Level 2.1 Conjurations
 - Level 2.2 Summonings
 - Level 5.2 Ice Magic
 + Level 4.3 Invocations


You had 8 spell levels left.
You knew the following spells:

 Your Spells              Type           Power        Failure   Level  Hunger
a - Freeze                Ice            ###.         3%          1    None
b - Throw Frost           Conj/Ice       ##....       9%          2    ##.....
c - Summon Ice Beast      Ice/Summ       ##......     50%         4    ####...


Dungeon Overview and Level Annotations

Branches:
Dungeon (7/15) Temple (0/1) D:6 D:7

Altars:
Elyvilon
Fedhas
Okawaru
Sif Muna
Trog
Zin


Message History

You could not reach far enough!
Your wandering mushroom releases spores at the orc warrior!
The orc warrior is engulfed in a cloud of spores!
The orc warrior hits you from afar with a glaive!!
* * * LOW HITPOINT WARNING * * *
Something hits your wandering mushroom.
Something shocks your wandering mushroom.
Your wandering mushroom releases spores at the orc warrior but does no damage.
Your wandering mushroom closely misses the orc warrior.
Attack whom?
Press: ? - help, Dir - move target cursor, f/p - orc warrior
Aim: an orc warrior, wielding a glaive and wearing a plate armour (moderately wounded)
You reach to attack!
You hit the orc warrior but do no damage.
The orc warrior is moderately wounded.
Something hits your wandering mushroom.
Something shocks your wandering mushroom.
The orc warrior hits you from afar with a glaive!!
You die...
Fedhas appreciates your contribution to the ecosystem.

#.# #f....#
#.#########.f...#
#...............###
###########f.......
#....##.f..#.#.###
#.##.##.##.#.#.... ..
#.##.##.#..#.##### ...
#.##.f.....#.#.f.. ....
#@#####.####.#f#ff
....#######f## #........#..
.<.......of.#########.###..
####................##.# #..
#......)f...........##.###..
#......{.....[......##.#....
#..|...####.........##.#.##.
#...... ###.......##.#....
#...... #.......##'#####


You could see an orc warrior and 3 friendly wandering mushrooms.

Vanquished Creatures
  Sigmund (D:5)
  A necrophage (D:5)
  4 ogres
  A bullfrog (D:3)
  A big kobold (Sewer)
  A wyvern zombie (D:7)
  A wight (D:6)
  2 howler monkeys
  A crimson imp (D:5)
  A bullfrog skeleton (D:7)
  A hound (D:6)
  A jelly (D:6)
  3 orc priests
  Ijyb (D:3)
  Natasha (D:3)
  An iguana (D:4)
  2 worker ants
  A worker ant zombie (D:7)
  A gnoll (D:6)
  13 adders
  2 river rats (Sewer)
  An ooze (D:1)
  An adder skeleton (D:4)
  2 worms
  8 leopard geckos
  18 orcs
  3 ball pythons
  9 bats
  5 giant cockroaches
  6 goblins
  11 hobgoblins
  23 jackals
  19 kobolds
  2 quokkas
  7 frilled lizards
  11 rats
167 creatures vanquished.

Vanquished Creatures (collateral kills)
  An orc warrior (D:7)
  Duvessa (D:7)
  A centaur (D:7)
  A bullfrog (D:6)
  Dowan (D:7)
  A wight (D:6)
  A bullfrog zombie (D:7)
  A jelly (D:7)
  2 orc priests (D:7)
  An iguana (D:7)
  3 gnolls (D:6)
  A leopard gecko (D:7)
  2 orcs (D:7)
  A jackal (D:7)
  A leopard gecko skeleton (D:7)
19 creatures vanquished.

Vanquished Creatures (others)
  A wandering mushroom (D:7)
  21 toadstools
22 creatures vanquished.

Grand Total: 208 creatures vanquished

Notes
Turn   | Place    | Note
-------+----------+-------------------------------------------
     0 | D:1      | Lochraine the Merfolk Ice Elementalist began the quest for the Orb.
     0 | D:1      | Reached XP level 1. HP: 13/13 MP: 3/3
   272 | D:1      | Reached XP level 2. HP: 12/19 MP: 0/5
   377 | D:1      | Learned a level 2 spell: Throw Frost
   417 | D:1      | Reached skill level 1 in Conjurations
   587 | D:1      | Reached XP level 3. HP: 21/24 MP: 2/6
  1008 | D:2      | Reached XP level 4. HP: 28/30 MP: 4/8
  1263 | D:2      | Reached XP level 5. HP: 33/35 MP: 4/10
  1391 | D:2      | Found a blossoming altar of Fedhas.
  1400 | D:2      | Became a worshipper of Fedhas Madash
  1690 | D:3      | Noticed Ijyb
  1724 | D:3      | Killed Ijyb
  1748 | D:3      | Learned a level 4 spell: Summon Ice Beast
  1773 | D:3      | Reached skill level 1 in Fighting
  1773 | D:3      | Reached skill level 1 in Summonings
  1773 | D:3      | Reached XP level 6. HP: 28/43 MP: 11/11
  2052 | D:3      | Noticed Natasha
  2060 | D:3      | Killed Natasha
  2358 | D:3      | Found a deep blue altar of Sif Muna.
  2995 | D:4      | Reached skill level 5 in Ice Magic
  3302 | D:4      | Reached XP level 7. HP: 39/50 MP: 6/12
  3967 | D:5      | Entered Level 5 of the Dungeon
  4072 | D:5      | Reached skill level 1 in Polearms
  4072 | D:5      | Reached skill level 1 in Invocations
  4118 | D:5      | Found a glowing silver altar of Zin.
  4150 | D:5      | Reached skill level 2 in Polearms
  4157 | D:5      | Reached skill level 5 in Dodging
  4231 | D:5      | Noticed Sigmund
  4268 | D:5      | Killed Sigmund
  4268 | D:5      | Reached skill level 3 in Polearms
  4268 | D:5      | Reached XP level 8. HP: 36/59 MP: 9/13
  4439 | D:5      | Found a bloodstained altar of Trog.
  4684 | D:6      | Found a glowing drain.
  4693 | Sewer    | Entered a sewer
  4823 | Sewer    | Found a white marble altar of Elyvilon.
  4859 | D:6      | Reached * piety under Fedhas
  4925 | D:6      | Reached skill level 4 in Polearms
  5222 | D:6      | Reached skill level 5 in Polearms
  5257 | D:6      | Found a staircase to the Ecumenical Temple.
  5613 | D:6      | Found an iron altar of Okawaru.
  5863 | D:6      | Reached skill level 6 in Polearms
  6009 | D:7      | Noticed Duvessa
  6009 | D:7      | Noticed Dowan
  6019 | D:7      | Killed Dowan
  6026 | D:7      | Killed Duvessa
  6079 | D:7      | Reached skill level 7 in Polearms
  6079 | D:7      | Reached XP level 9. HP: 63/67 MP: 14/14
  6088 | D:7      | Reached skill level 5 in Fighting
  6288 | D:7      | Found a white marble altar of Elyvilon.
  6427 | D:7      | Mangled by an orc warrior

Vault maps used:
D:1:      dpeg_arrival_rooms_with_view, minmay_strange_pillars
D:2:      cheibrodos_helix_gallery, fedhas_altar_4, minmay_octomino_c4
D:3:      led_sif_pool, uniq_natasha, uniq_ijyb
D:4:      first_bread
D:5:      zin_statuary, bloody_trog, minmay_door_square, serial_park_tiny_2,
          uniq_sigmund
D:6:      kennysheep_mini, minmay_temple_entry_statues, portal_sewer_entry_d
D:7:      lemuel_doored_altar, uniq_duvessa
Sewer:    sewer_kobolds

Skill      XL: |  1  2  3  4  5  6  7  8  9 |
---------------+----------------------------+-----
Conjurations   | 1 2 |  2.1
Ice Magic      | 4 5 |  5.2
Spellcasting   | 3 |  3.5
Fighting       | 1 2 3 4 5 |  5.1
Dodging        | 3 4 5 6 |  6.8
Summonings     | 1 2 |  2.2
Polearms       | 3 7 |  7.8
Invocations    | 2 4 |  4.3
Stealth        | |  2.1

Action                   |  1- 3 |  4- 6 |  7- 9 || total
-------------------------+-------+-------+-------++-------
Melee: Short sword       |    33 |       |       ||    33
       Whip              |    23 |   184 |   171 ||   378
       Trident           |       |       |    23 ||    23
       Scythe            |       |       |    55 ||    55
       Tailslap          |       |       |     3 ||     3
 Cast: Freeze            |    37 |    34 |    19 ||    90
       Throw Frost       |       |     3 |    16 ||    19
Invok: Fungal Bloom      |       |       |     6 ||     6
       Evolution         |       |       |     4 ||     4
Evoke: Wand              |       |       |    12 ||    12
  Use: Scroll            |       |     2 |     4 ||     6
       Potion            |       |       |     2 ||     2
 Stab: Sleeping          |     3 |     6 |     2 ||    11
       Confused          |       |       |     5 ||     5
       Distracted        |       |       |     1 ||     1
  Eat: Chunk             |     1 |     7 |     7 ||    15
       Meat ration       |       |       |     2 ||     2
Armor: Robe              |    20 |       |       ||    20
       Ring mail         |     9 |    53 |       ||    62
       Leather armour    |       |    26 |    48 ||    74
Dodge: Dodged            |    64 |   133 |   217 ||   414
